 Dungeon Crawl Stone Soup version 0.32-a0-172-gc5dd13f2a7 (webtiles) character file.

Game seed: 8794620218147797016

321151 cforsyth the Metallomancer (level 22, -2/186 HPs)
             Began as a Djinni Hexslinger on Feb 13, 2024.
             Slain by a deep elf knight
             ... wielding a +0 long sword
              (5 damage)
             ... on level 1 of the Elven Halls.
             The game lasted 01:55:17 (74529 turns).

cforsyth the Metallomancer (Djinni Hexslinger)     Turns: 74529, Time: 01:55:18

Health: -2/186     AC: 19    Str: 11    XL:     22   Next: 47%
Gold:   2927       EV: 12    Int: 30    God:
                   SH: 11    Dex: 12

rFire   + + .        a - +1 sling of Sharkskin {drain, rElec rPois rC+ Str+4 Dex-5}
rCold   + . .        R - +0 kite shield {reflect}
rNeg    . . .        w - +4 ring mail of Xidghauch {rC+ Int+2}
rPois   ∞            s - +1 helmet {Int+3}
rElec   +            Y - +2 cloak {rCorr}
rCorr   +            p - +0 pair of gloves
SInv    +            (boots unavailable)
Will    ++...        r - amulet of the acrobat
Stlth   +            T - +4 ring of protection
HPRegen 0.51/turn    v - ring of see invisible
MPRegen 0.00/turn

%: reflection, acrobat, infuse magic (-3 HP)
@: flying, very slightly contaminated, studying Earth Magic
A: sickness immunity, fire resistance 2, cold vulnerability 1, float, innate
caster, HP casting, extra vitality 1
}: 2/15 runes: serpentine, barnacled
a: no special abilities


You were on level 1 of the Elven Halls.
You visited 8 branches of the dungeon, and saw 36 of its levels.
You visited 1 bazaar.
You also visited: Sewer.

You collected 4014 gold pieces.
You spent 1087 gold pieces at shops.


Innate Abilities, Weirdness & Mutations

You are immune to sickness and miasma.
You are immune to poison.
Your flesh is very heat resistant. (rF++)
You are vulnerable to cold. (rC-)
You float through the air rather than walking.
You learn spells naturally, not from books.
Your magical power is your life essence.
You have superior vitality. (+4 MHP)


   Skills:
 - Level 24.2 Fighting
 - Level 1.5 Ranged Weapons
 + Level 11.6 Dodging
 + Level 10.4 Shields
 + Level 20.3 Spellcasting
 + Level 20.3 Conjurations
 + Level 20.3 Hexes
   Level 0.0 Charms
 + Level 20.3 Summonings
 + Level 20.3 Necromancy
 + Level 20.3 Translocations
   Level 0.0 Transmutations
 + Level 20.3 Fire Magic
 + Level 20.3 Ice Magic
 + Level 20.3 Air Magic
 + Level 24.9 Earth Magic
 + Level 20.3 Alchemy


You knew the following spells:

 Your Spells              Type           Power      Damage    Failure   Level
a - Iskenderun's Mystic   Conj/Tloc      100%       2d19      1%          4
b - Eringya's Noxious Bo  Alch           50%        4d6       1%          6
c - Cause Fear            Hex            50%        N/A       1%          4
d - Ozocubu's Refrigerat  Ice            50%        4d18      1%          7
f - Inner Flame           Hex/Fire       100%       N/A       0%          3
g - Confusing Touch       Hex            100%       N/A       0%          3
l - Fireball              Conj/Fire      50%        3d20      1%          5
m - Monstrous Menagerie   Summ           50%        N/A       1%          7
s - Spellforged Servitor  Conj/Summ      50%        N/A       1%          7
t - Static Discharge      Conj/Air       100%       3-8/arc   0%          2
z - Summon Small Mammal   Summ           100%       N/A       0%          1
S - Silence               Hex/Air        50%        N/A       1%          5
X - Jinxbite              Hex            100%       N/A       0%          2
Y - Sigil of Binding      Hex            100%       N/A       0%          3
Z - Dimensional Bullseye  Hex/Tloc       50%        N/A       1%          4
Your spell library was empty.

Inventory:

Hand Weapons
 a - the +1 sling of Sharkskin (weapon) {drain, rElec rPois rC+ Str+4 Dex-5}
   (You found it on level 5 of the Dungeon)

   Str+4:     It affects your strength (+4).
   Dex-5:     It affects your dexterity (-5).
   rC+:       It protects you from cold.
   rElec:     It insulates you from electricity.
   rPois:     It protects you from poison
Armour
 p - a +0 pair of gloves (worn)
 s - a +1 helmet of intelligence (worn)
 w - the +4 ring mail of Xidghauch (worn) {rC+ Int+2}
   (You took it off an orc on level 4 of the Dungeon)

   Int+2:     It affects your intelligence (+2).
   rC+:       It protects you from cold.
 R - a +0 kite shield of reflection (worn)
 Y - a +2 cloak of preservation (worn)
Jewellery
 n - a ring of positive energy
 r - an amulet of the acrobat (around neck)
 v - a ring of see invisible (right hand)
 C - a ring of ice
 I - a +6 ring of intelligence
 N - a ring of positive energy
 O - the ring "Anugoot" {rC+ Will- Str+3 Dex+6}
   (You found it on level 9 of the Dungeon)

   [ring of dexterity]

   Str+3:     It affects your strength (+3).
   Dex+6:     It affects your dexterity (+6).
   rC+:       It protects you from cold.
   Will-:     It decreases your willpower.
 T - a +4 ring of protection (left hand)
 W - a ring of willpower
Wands
 j - a wand of flame (90)
 l - a wand of quicksilver (7)
 m - a wand of mindburst (22)
 x - a wand of paralysis (42)
 A - a wand of roots (29)
 E - a wand of digging (4)
 J - a wand of polymorph (14)
Scrolls
 b - 5 scrolls of poison
 d - 13 scrolls of teleportation {@r2}
 i - 6 scrolls of blinking
 t - 4 scrolls of fog
 u - 2 scrolls of immolation
 y - 5 scrolls of noise
 B - 3 scrolls of revelation
 G - 3 scrolls of summoning
 H - a scroll of identify {@r1}
 L - 3 scrolls of enchant weapon
 P - 6 scrolls of vulnerability
 S - 2 scrolls of fear
 X - 5 scrolls of enchant armour
Potions
 c - a potion of ambrosia
 g - 6 potions of mutation
 h - 4 potions of might
 k - 6 potions of lignification
 o - 12 potions of haste {@q3}
 q - 4 potions of cancellation
 z - 2 potions of enlightenment
 D - a potion of resistance
 K - 2 potions of invisibility
 M - 7 potions of brilliance
 Q - 3 potions of berserk rage {!q}
 U - 8 potions of attraction
 V - 23 potions of curing {@q1}
Miscellaneous
 Z - a tin of tremorstones (2/2)

Dungeon Overview and Level Annotations

Branches:
Dungeon (15/15)            Temple (1/1) D:4            Lair (5/5) D:10
 Shoals (4/4) Lair:2        Snake (4/4) Lair:3        Slime (0/5) Lair:4
    Orc (2/2) D:9             Elf (1/3) Orc:2        Vaults (4/5) D:14
  Crypt (0/3) Vaults:3     Depths (0/4) D:15          Sewer (visited)

Altars:
Ashenzari
Cheibriados
Dithmenos
Elyvilon
Fedhas
Gozag
Hepliaklqana
Makhleb
Nemelex Xobeh
Okawaru
Qazlal
Ru
Trog
Uskayaw
Wu Jian
Xom
Yredelemnul
Zin
The Shining One
Jiyva

Shops:
D:4 !   D:11 !   D:13 ?   Orc:1 :   Orc:2 (*[*   Shoals:1 !   Shoals:3 *
Shoals:4 [   Snake:1 [   Snake:3 ?   Vaults:1 *   Vaults:2 *

Portals:
Desolation: Elf:1

Annotations:
D:8 2 runed translucent doors
D:10 1 transporter
Lair:3 3 runed translucent doors, ojifijod's ghost, journeyman NaAl
Lair:4 2 transporters, exclusion: ice statue, jamsaran's ghost, journeyman DgFE
Lair:5 1 runed translucent door, Pooter's ghost, journeyman MiBe

,,,,,,* #####.....#####
,,,,,,* ###############
,,,,,,* ###############
,,,,,** ############### #
,,,,,+** ## *+****,**
#################. *,*
**,** #.)§§§§§§.##...#'#
*,* **,****
#)#§§§§§§........# *,*
**+*,***#@#§§§§§e§§...)..#
*,*
*,,,,,*#e§ee§.§.§§......+
*,*
*,,,,,'..§§.§.§§.§......#
*,*
*,,,,,####....§.......$.+
*,* **+*,*+**
#####§..#+...### *,*
**,*****,** ###..##### *
*,* **,** **,** *#.## *,*
**,** **,** **,## *+***,**
**,****,**


You could see a deep elf knight (fast, invisible) and a deep elf zephyrmancer.


Message History

You feel much better.
The deep elf pyromancer mumbles some strange words.
The deep elf pyromancer blinks!
The deep elf zephyrmancer gestures at you while chanting.
The bolt of lightning hits the deep elf zephyrmancer!!
The deep elf zephyrmancer dies!
The bolt of lightning misses you. The bolt of lightning hits you! You resist.
* * * LOW HITPOINT WARNING * * *
Unknown command.
Okay, then.
Okay, then.
Okay, then.
Casting: Ozocubu's Refrigeration (mildly dangerous; 1% risk of failure)
Confirm with . or Enter, or press ? or * to list all spells.
Casting: Cause Fear (safe; 1% risk of failure)
Press: ? - help, Dir - look around, f - activate Look: a deep elf zephyrmancer, wielding a +0 long sword (salt, chance to affect: 84%)
Okay, then.
Unknown command.
Casting: Cause Fear (safe; 1% risk of failure)
Confirm with . or Enter, or press ? or * to list all spells.
Casting: Cause Fear (safe; 1% risk of failure)
Press: ? - help, Dir - look around, f - activate The deep elf knight resists with some effort.
The deep elf zephyrmancer easily resists.
* * * LOW HITPOINT WARNING * * *
The deep elf knight mumbles some strange words.
The deep elf knight flickers and vanishes for a moment.
The deep elf knight hits you with a +0 long sword.
You die...

Skill      XL: |  1  2  3  4  5  6  7  8  9 10 11 12 13 14 15 16 17 18 19 20 21 22 |
---------------+-------------------------------------------------------------------+-----
Spellcasting   | 3 4 5 6 7 9 10 11 12 14 15 16 17 18 19 20 | 20.3
Conjurations   | 3 4 5 6 7 9 10 11 12 14 15 16 17 18 19 20 | 20.3
Hexes          | 3 4 5 6 7 9 10 11 12 14 15 16 17 18 19 20 | 20.3
Summonings     | 3 4 5 6 7 9 10 11 12 14 15 16 17 18 19 20 | 20.3
Necromancy     | 3 4 5 6 7 9 10 11 12 14 15 16 17 18 19 20 | 20.3
Translocations | 3 4 5 6 7 9 10 11 12 14 15 16 17 18 19 20 | 20.3
Fire Magic     | 3 4 5 6 7 9 10 11 12 14 15 16 17 18 19 20 | 20.3
Ice Magic      | 3 4 5 6 7 9 10 11 12 14 15 16 17 18 19 20 | 20.3
Air Magic      | 3 4 5 6 7 9 10 11 12 14 15 16 17 18 19 20 | 20.3
Earth Magic    | 3 4 5 6 7 9 10 11 12 14 16 18 19 21 22 23 24 | 24.9
Alchemy        | 3 4 5 6 7 9 10 11 12 14 15 16 17 18 19 20 | 20.3
Fighting       | 2 3 4 5 7 9 11 13 14 16 17 19 20 21 23 24 | 24.2
Shields        | 6 9 10 | 10.4
Dodging        | 7 10 11 | 11.6
Ranged Weapons | |  1.5

Action                     |  1- 3 |  4- 6 |  7- 9 | 10-12 | 13-15 | 16-18 | 19-21 | 22-24 || total
---------------------------+-------+-------+-------+-------+-------+-------+-------+-------++-------
   Fire: Sling             |    71 |   103 |   206 |   284 |    14 |     9 |     6 |       ||   693
   Cast: Summon Small Mamm |     7 |     9 |       |     3 |     4 |       |       |       ||    23
         Jinxbite          |     4 |    11 |       |       |       |       |       |       ||    15
         Inner Flame       |     1 |    25 |    68 |   134 |   219 |   232 |     6 |       ||   685
         Static Discharge  |       |     7 |    27 |       |       |       |       |       ||    34
         Iskenderun's Myst |       |       |     1 |    85 |    80 |   144 |    74 |     5 ||   389
         Confusing Touch   |       |       |       |     3 |       |       |       |       ||     3
         Cause Fear        |       |       |       |     1 |     2 |     4 |       |     1 ||     8
         Fireball          |       |       |       |       |   354 |   366 |   137 |     3 ||   860
         Eringya's Noxious |       |       |       |       |     1 |     1 |       |       ||     2
         Monstrous Menager |       |       |       |       |       |    64 |    12 |     1 ||    77
         Ozocubu's Refrige |       |       |       |       |       |       |   463 |   118 ||   581
         Spellforged Servi |       |       |       |       |       |       |     2 |       ||     2
  Evoke: Wand              |       |       |       |     6 |       |       |       |       ||     6
    Use: Potion            |       |     1 |     1 |       |     2 |       |     4 |     7 ||    15
         Scroll            |       |       |     8 |     7 |     5 |     7 |     5 |     2 ||    34
 Armour: Robe              |    16 |    56 |    56 |       |       |       |       |       ||   128
         Ring mail         |       |       |    85 |   259 |   135 |   224 |   132 |    15 ||   850
  Dodge: Dodged            |     8 |    41 |    80 |   139 |    35 |    96 |    59 |     5 ||   463
  Block: Kite shield       |       |       |       |       |       |       |     5 |    13 ||    18
         Reflection        |       |       |       |       |       |       |     4 |     3 ||     7

Levels and vault maps discovered:
D:1:      amcnicky_arrival_gap_in_the_tavern_cellar, layout_loops_cross
D:2:      layout_loops_ring, serial_forest, infiniplex_forest_clump_C,
          infiniplex_forest_straight_3, infiniplex_forest_lined_2,
          infiniplex_forest_lined_3_way, infiniplex_forest_straight_3,
          hex_medium, serial_bayou_ford_a, grunt_ministairs_12,
          minmay_surrounded
D:3:      layout_rooms, mainiacjoe_overflow_alcove_2,
          mainiacjoe_overflow_alcove_1, mainiacjoe_overflow_cross_hatched,
          general_overflow_altar, gammafunk_ghost_gnarly_gnolls, minivault_11,
          minmay_fractal_squares_gapless_5
D:4:      layout_loops_cross, minmay_temple_entry_stoned_glass, serial_shops,
          nicolae_shop_rolling_square, chequers_jeans
D:5:      layout_rooms, mainiacjoe_overflow_tiny_flanked, minmay_puff,
          uniq_edmund, uniq_ijyb, uniq_grinder
D:6:      layout_loops_ring, regret_index_xom_buried_treasure,
          mainiacjoe_sewer_entry_somewhere_in_here_1, lemuel_flamethrower_2,
          uniq_eustachio
D:7:      layout_basic, mainiacjoe_overflow_concentric_impassable,
          lemuel_tele_altar, nicolae_dithmenos_the_darkroom
D:8:      minmay_the_grid_triangle_9x9_rhombus_full
          [minmay_the_grid_triangle_9x9_pentomino_pain,
          minmay_the_grid_triangle_9x9_zippers_vertical,
          minmay_the_grid_triangle_9x9_thin_v,
          minmay_the_grid_triangle_9x9_tough_junction,
          minmay_the_grid_triangle_9x9_alien,
          minmay_the_grid_triangle_9x9_empty,
          minmay_the_grid_triangle_9x9_sprig,
          minmay_the_grid_triangle_9x9_prize_insulated], layout_basic,
          hex_large, kennysheep_kite_vault
D:9:      layout_cave_pods, mainiacjoe_overflow_brackets, orc_0_dummy,
          jiyva_altar_1, uniq_gastronok
D:10:     layout_irregular_city, grunt_nemelex_the_gamble,
          erik_lair_orcish_takeover, minmay_misc_feat_cross,
          serial_bayou_crossing
D:11:     layout_basic, serial_shops, nicolae_shop_behind_doors
D:12:     minmay_crescents, layout_rooms, kennysheep_generic_room_13,
          uniq_nessos, uniq_snorg, uniq_lodul, uniq_psyche, uniq_sonja
D:13:     layout_gridville, serial_shops, shop, minivault_4
D:14:     fort_yaktaur, layout_basic, hangedman_vaults_entry_quadrant_bands
D:15:     gammafunk_depths_entry_grave, layout_rooms, nrook_mini_vaults,
          chequers_serial_rivers_micro_b, uniq_jorgrun
Temple:   hellmonk_temple_of_storms
Lair:1:   layout_cave_pods, nzn_masters_of_martial_movement
Lair:2:   layout_chaotic_city, mainiacjoe_shoals_entry_four_pools, uniq_maggie
Lair:3:   layout_layer_cave, minmay_snake_entry_spellcaster,
          maelrawn_ghost_gauntlet_escape, disabler_island
Lair:4:   layout_cave_pods, slime_entry_1, nzn_ghost_randoct,
          kennysheep_abandoned_house
Lair:5:   grunt_lair_end_beastmaster, layout_misc_corridors,
          ebering_ghost_inner_flame, minivault_24, serial_bayou_pond_b,
          lemuel_fruit_tree
Shoals:1: layout_shoals, serial_shops, shop, nicolae_shoals_aquamancer_cove
Shoals:2: layout_shoals, nicolae_shoals_lost_giant_baths,
          nicolae_shoals_dead_sea_scrolls, uniq_ilsuiw
Shoals:3: layout_shoals, nicolae_alphabet_shops, uniq_nikola
Shoals:4: shoals_end_grunt_ice, layout_shoals, serial_shops, shop
Snake:1:  layout_chambers, serial_shops, shop, grunt_megastairs_3
Snake:2:  layout_cave_town, nicolae_snake_linked_coils
Snake:3:  kennysheep_six_static_rooms, layout_cave_pods, serial_shops, shop,
          grunt_megastairs_1
Snake:4:  snake_pit_salamanders_mu, layout_concentric_octagons, st_stairs_2,
          hangedman_snake_corridor_cut
Orc:1:    layout_diamond_mine, nicolae_shop_vocational
Orc:2:    hellmonk_orc_salted, layout_caves, basic_altar,
          lightli_church_of_beogh
Elf:1:    minmay_elf_arrival_summoners, layout_geoelf_diagonals, serial_shops,
          shop, portal_desolation_entry_salt, minmay_elf_annihilation
Vaults:1: nicolae_vaults_storage_closets_3, v_pattern_2, nicolae_vaults_arrows,
          nicolae_vaults_cochlea, hangedman_vaults_river_flow, v_misc_19,
          hangedman_vaults_stretched_pinwheel, nicolae_vaults_closet_pinwheel_4,
          nicolae_vaults_storage_closets_1, v_misc_22, layout_vaults_omnicross,
          serial_shops, shop, uniq_saint_roka
Vaults:2: nicolae_vaults_big_angled_halls, nicolae_vaults_layer_cake_slice,
          grunt_tower_of_power, nicolae_vaults_steering_wheel,
          vaults_dpeg_spiral, nicolae_vaults_house_3, ontoclasm_vaults_gateway,
          hangedman_vaults_maws, nicolae_vaults_trapezoid_lopsided_1,
          layout_vaults_chaotic_city, serial_shops, shop, uniq_asterion
Vaults:3: nicolae_vaults_double_plus_3, ontoclasm_vaults_misaligned,
          nicolae_vaults_tetromino_Z_1, nicolae_vaults_circle_grid_b,
          nicolae_vaults_ring_of_whatevers, vaults_dpeg_hooks,
          nicolae_vaults_diamond_1, vaults_dpeg_emergency_exit,
          nicolae_vaults_house_2, layout_vaults_omnigrid,
          minmay_crypt_entry_simple_round, serial_shops, freezing_bzr,
          uniq_donald
Vaults:4: nicolae_vaults_tetromino_L_2, nicolae_vaults_trapezoid_lopsided_1,
          vaults_mumra_hexcomb, nicolae_vaults_little_squares_3,
          nicolae_vaults_trapezoid_lopsided_1, nicolae_vaults_turnstiles,
          hangedman_vaults_stitches, v_misc_25, nicolae_vaults_surprise_closet,
          v_misc_17, grunt_vaults_hallway_short, vaults_room_semicircle,
          ontoclasm_vaults_spin, nicolae_vaults_tetromino_L_1,
          nicolae_vaults_asterisk, layout_vaults_maze_snakey

Notes
Turn   | Place    | Note
-------+----------+-------------------------------------------
     0 | D:1      | cforsyth the Djinni Hexslinger began the quest for the Orb.
     0 | D:1      | cforsyth set off with the following spells memorised:
                  | Jinxbite, Sigil of Binding, Inner Flame, Cause Fear,
                  | Dimensional Bullseye.
     0 | D:1      | Reached XP level 1. HP: 17/17 MP: 0/0
    88 | D:1      | Reached XP level 2. HP: 22/22 MP: 0/0
   338 | D:1      | Reached skill level 3 in Spellcasting
   338 | D:1      | Reached skill level 3 in Conjurations
   338 | D:1      | Reached skill level 3 in Hexes
   338 | D:1      | Reached skill level 3 in Summonings
   338 | D:1      | Reached skill level 3 in Necromancy
   338 | D:1      | Reached skill level 3 in Translocations
   338 | D:1      | Reached skill level 3 in Fire Magic
   338 | D:1      | Reached skill level 3 in Ice Magic
   338 | D:1      | Reached skill level 3 in Air Magic
   338 | D:1      | Reached skill level 3 in Earth Magic
   338 | D:1      | Reached skill level 3 in Alchemy
   708 | D:2      | Identified the +0 leather armour "Ofyarung" {Str+7}
   810 | D:2      | Reached skill level 2 in Fighting
   810 | D:2      | Reached XP level 3. HP: 28/28 MP: 0/0
   810 | D:2      | Learned a level 1 spell: Summon Small Mammal
  1188 | D:2      | Reached XP level 4. HP: 16/34 MP: 0/0
  1858 | D:3      | Found a transporter.
  1859 | D:3      | Noticed yleetSyT's ghost (amateur DgHu)
  1859 | D:3      | Identified the +9 halberd of Deformation {vamp, Str+5}
  1897 | D:3      | Found a transporter.
  1906 | D:3      | Reached skill level 3 in Fighting
  2019 | D:3      | Reached XP level 5. HP: 26/40 MP: 0/0
  2019 | D:3      | Learned a level 2 spell: Static Discharge
  2311 | D:3      | Found a snail-covered altar of Cheibriados.
  2598 | D:3      | Found a broken altar of Ashenzari.
  2827 | D:3      | Found a blossoming altar of Fedhas.
  2919 | D:3      | Identified the +2 robe of Entitlement {+Blink rF+}
  3030 | D:4      | Reached XP level 6. HP: 21/47 MP: 0/0
  3106 | D:4      | Reached skill level 4 in Fighting
  3106 | D:4      | Reached skill level 4 in Spellcasting
  3106 | D:4      | Reached skill level 4 in Conjurations
  3106 | D:4      | Reached skill level 4 in Hexes
  3106 | D:4      | Reached skill level 4 in Summonings
  3106 | D:4      | Reached skill level 4 in Necromancy
  3106 | D:4      | Reached skill level 4 in Translocations
  3106 | D:4      | Reached skill level 4 in Fire Magic
  3106 | D:4      | Reached skill level 4 in Ice Magic
  3106 | D:4      | Reached skill level 4 in Air Magic
  3106 | D:4      | Reached skill level 4 in Earth Magic
  3106 | D:4      | Reached skill level 4 in Alchemy
  3669 | D:4      | Reached XP level 7. HP: 37/53 MP: 0/0
  3669 | D:4      | Learned a level 3 spell: Confusing Touch
  3748 | D:4      | Found a staircase to the Ecumenical Temple.
  3770 | Temple   | Entered the Ecumenical Temple
  3826 | D:4      | Reached skill level 5 in Fighting
  4081 | D:4      | Found Sele Orr's Distillery.
  4090 | D:4      | Bought a potion of haste for 110 gold pieces
  4290 | D:4      | Identified the +4 ring mail of Xidghauch {rC+ Int+2}
  4405 | D:5      | Entered Level 5 of the Dungeon
  4462 | D:5      | HP: 2/54 [ogre/+0 giant club (35)]
  4645 | D:5      | Reached skill level 5 in Spellcasting
  4645 | D:5      | Reached skill level 5 in Conjurations
  4645 | D:5      | Reached skill level 5 in Hexes
  4645 | D:5      | Reached skill level 5 in Summonings
  4645 | D:5      | Reached skill level 5 in Necromancy
  4645 | D:5      | Reached skill level 5 in Translocations
  4645 | D:5      | Reached skill level 5 in Fire Magic
  4645 | D:5      | Reached skill level 5 in Ice Magic
  4645 | D:5      | Reached skill level 5 in Air Magic
  4645 | D:5      | Reached skill level 5 in Earth Magic
  4645 | D:5      | Reached skill level 5 in Alchemy
  4822 | D:5      | Reached XP level 8. HP: 51/61 MP: 0/0
  4943 | D:5      | Reached skill level 6 in Fighting
  5162 | D:5      | Noticed Edmund
  5164 | D:5      | Noticed Grinder
  5169 | D:5      | Killed Edmund
  5170 | D:5      | Killed Grinder
  5171 | D:5      | Reached skill level 7 in Fighting
  5319 | D:5      | Found a burning altar of Makhleb.
  5327 | D:5      | Identified the +1 sling of Sharkskin {drain, rElec rPois
                  | rC+ Str+4 Dex-5}
  5690 | D:5      | Reached skill level 6 in Spellcasting
  5690 | D:5      | Reached skill level 6 in Conjurations
  5690 | D:5      | Reached skill level 6 in Hexes
  5690 | D:5      | Reached skill level 6 in Summonings
  5690 | D:5      | Reached skill level 6 in Necromancy
  5690 | D:5      | Reached skill level 6 in Translocations
  5690 | D:5      | Reached skill level 6 in Fire Magic
  5690 | D:5      | Reached skill level 6 in Ice Magic
  5690 | D:5      | Reached skill level 6 in Air Magic
  5690 | D:5      | Reached skill level 6 in Earth Magic
  5690 | D:5      | Reached skill level 6 in Alchemy
  5810 | D:5      | Noticed Ijyb
  5814 | D:5      | Killed Ijyb
  5837 | D:5      | Reached XP level 9. HP: 57/69 MP: 0/0
  5837 | D:5      | Learned a level 4 spell: Iskenderun's Mystic Blast
  6119 | D:6      | Found a glowing drain.
  6128 | Sewer    | Entered a sewer
  6365 | Sewer    | Reached skill level 8 in Fighting
  7078 | D:6      | Noticed Eustachio
  7093 | D:6      | Killed Eustachio
  7094 | D:6      | Reached skill level 7 in Spellcasting
  7094 | D:6      | Reached skill level 7 in Conjurations
  7094 | D:6      | Reached skill level 7 in Hexes
  7094 | D:6      | Reached skill level 7 in Summonings
  7094 | D:6      | Reached skill level 7 in Necromancy
  7094 | D:6      | Reached skill level 7 in Translocations
  7094 | D:6      | Reached skill level 7 in Fire Magic
  7094 | D:6      | Reached skill level 7 in Ice Magic
  7094 | D:6      | Reached skill level 7 in Air Magic
  7094 | D:6      | Reached skill level 7 in Earth Magic
  7094 | D:6      | Reached skill level 7 in Alchemy
  7165 | D:6      | Found a shimmering altar of Xom.
  7497 | D:6      | Reached skill level 9 in Fighting
  8202 | D:6      | Reached XP level 10. HP: 59/78 MP: 0/0
  8719 | D:7      | Found an ornate altar of the Wu Jian Council.
  8749 | D:7      | Found a shadowy altar of Dithmenos.
  9068 | D:7      | Reached skill level 10 in Fighting
  9068 | D:7      | Reached skill level 8 in Spellcasting
  9068 | D:7      | Reached skill level 8 in Conjurations
  9068 | D:7      | Reached skill level 8 in Hexes
  9068 | D:7      | Reached skill level 8 in Summonings
  9068 | D:7      | Reached skill level 8 in Necromancy
  9068 | D:7      | Reached skill level 8 in Translocations
  9068 | D:7      | Reached skill level 8 in Fire Magic
  9068 | D:7      | Reached skill level 8 in Ice Magic
  9068 | D:7      | Reached skill level 8 in Air Magic
  9068 | D:7      | Reached skill level 8 in Earth Magic
  9068 | D:7      | Reached skill level 8 in Alchemy
  9892 | D:8      | Found a runed translucent door.
  9892 | D:8      | Noticed a manticore
  9893 | D:8      | Found a runed translucent door.
  9893 | D:8      | Noticed a skeletal warrior
 10499 | D:8      | Reached skill level 11 in Fighting
 11245 | D:9      | Noticed Gastronok
 11360 | D:9      | Killed Gastronok
 11361 | D:9      | Reached skill level 9 in Spellcasting
 11361 | D:9      | Reached skill level 9 in Conjurations
 11361 | D:9      | Reached skill level 9 in Hexes
 11361 | D:9      | Reached skill level 9 in Summonings
 11361 | D:9      | Reached skill level 9 in Necromancy
 11361 | D:9      | Reached skill level 9 in Translocations
 11361 | D:9      | Reached skill level 9 in Fire Magic
 11361 | D:9      | Reached skill level 9 in Ice Magic
 11361 | D:9      | Reached skill level 9 in Air Magic
 11361 | D:9      | Reached skill level 9 in Earth Magic
 11361 | D:9      | Reached skill level 9 in Alchemy
 11361 | D:9      | Reached XP level 11. HP: 31/89 MP: 0/0
 11361 | D:9      | Learned a level 5 spell: Silence
 11887 | D:9      | Identified the ring "Anugoot" {rC+ Will- Str+3 Dex+6}
 11909 | D:9      | Found a viscous altar of Jiyva.
 12073 | D:9      | Found a staircase to the Orcish Mines.
 12144 | D:9      | Found a basalt altar of Yredelemnul.
 12400 | D:9      | Reached skill level 12 in Fighting
 12651 | D:10     | Entered Level 10 of the Dungeon
 13805 | D:10     | Found a staircase to the Lair.
 14454 | D:10     | Found a sparkling altar of Nemelex Xobeh.
 14454 | D:10     | Found a transporter.
 14454 | D:10     | Noticed a meliai
 14454 | D:10     | Noticed an orc knight
 14662 | D:11     | Reached skill level 10 in Spellcasting
 14662 | D:11     | Reached skill level 10 in Conjurations
 14662 | D:11     | Reached skill level 10 in Hexes
 14662 | D:11     | Reached skill level 10 in Summonings
 14662 | D:11     | Reached skill level 10 in Necromancy
 14662 | D:11     | Reached skill level 10 in Translocations
 14662 | D:11     | Reached skill level 10 in Fire Magic
 14662 | D:11     | Reached skill level 10 in Ice Magic
 14662 | D:11     | Reached skill level 10 in Air Magic
 14662 | D:11     | Reached skill level 10 in Earth Magic
 14662 | D:11     | Reached skill level 10 in Alchemy
 14737 | D:11     | Noticed a two-headed ogre
 14743 | D:11     | Killed a two-headed ogre
 14819 | D:11     | Identified the serpent talisman "Lig Xoahikh" {rElec Str+4
                  | Stlth+}
 14889 | D:11     | Found Ropteq's Distillery.
 14953 | D:11     | Identified the +0 pair of boots of Trial and Error {+Blink
                  | Fly Slay+2}
 14998 | D:11     | Reached skill level 13 in Fighting
 15161 | D:12     | Noticed Lodul
 15166 | D:12     | Killed Lodul
 15167 | D:12     | Reached XP level 12. HP: 84/98 MP: 0/0
 16104 | D:12     | Noticed Psyche
 16111 | D:12     | Killed Psyche
 16164 | D:12     | Noticed a boulder beetle
 16188 | D:12     | Killed a boulder beetle
 16189 | D:12     | Reached skill level 14 in Fighting
 16189 | D:12     | Reached skill level 11 in Spellcasting
 16189 | D:12     | Reached skill level 11 in Conjurations
 16189 | D:12     | Reached skill level 11 in Hexes
 16189 | D:12     | Reached skill level 11 in Summonings
 16189 | D:12     | Reached skill level 11 in Necromancy
 16189 | D:12     | Reached skill level 11 in Translocations
 16189 | D:12     | Reached skill level 11 in Fire Magic
 16189 | D:12     | Reached skill level 11 in Ice Magic
 16189 | D:12     | Reached skill level 11 in Air Magic
 16189 | D:12     | Reached skill level 11 in Earth Magic
 16189 | D:12     | Reached skill level 11 in Alchemy
 16193 | D:12     | Noticed a centaur warrior
 17206 | D:12     | Killed a centaur warrior
 17207 | D:12     | Noticed a centaur warrior
 17531 | D:12     | Killed a centaur warrior
 17743 | D:12     | HP: 8/101 [cloud of flame (8)]
 18412 | D:12     | Noticed a centaur warrior
 18901 | D:12     | Killed a centaur warrior
 19060 | D:12     | Noticed Snorg
 19071 | D:12     | Killed Snorg
 19072 | D:12     | Reached XP level 13. HP: 80/106 MP: 0/0
 19072 | D:12     | Learned a level 5 spell: Fireball
 19182 | D:12     | Noticed an ogre mage
 19193 | D:12     | Killed an ogre mage
 19194 | D:12     | Reached skill level 15 in Fighting
 19322 | D:12     | Noticed Sonja
 19336 | D:12     | Killed Sonja
 19369 | D:12     | Noticed Nessos
 19683 | Lair:1   | Entered Level 1 of the Lair of Beasts
 20166 | D:12     | Killed Nessos
 20167 | D:12     | Reached skill level 12 in Spellcasting
 20167 | D:12     | Reached skill level 12 in Conjurations
 20167 | D:12     | Reached skill level 12 in Hexes
 20167 | D:12     | Reached skill level 12 in Summonings
 20167 | D:12     | Reached skill level 12 in Necromancy
 20167 | D:12     | Reached skill level 12 in Translocations
 20167 | D:12     | Reached skill level 12 in Fire Magic
 20167 | D:12     | Reached skill level 12 in Ice Magic
 20167 | D:12     | Reached skill level 12 in Air Magic
 20167 | D:12     | Reached skill level 12 in Earth Magic
 20167 | D:12     | Reached skill level 12 in Alchemy
 20639 | Lair:1   | HP: 8/108 [spore (16)]
 20639 | Lair:1   | HP: 3/108 [cloud of flame (5)]
 21700 | Lair:1   | Found an ornate altar of the Wu Jian Council.
 21703 | Lair:1   | Found a hide-covered altar of Uskayaw.
 21836 | Lair:1   | Reached skill level 16 in Fighting
 22088 | Lair:1   | Identified the +3 chain mail of the Keeping Defenders
                  | {Str+4}
 22662 | Lair:2   | Noticed a seven-headed hydra
 22666 | Lair:2   | Killed a seven-headed hydra
 22703 | Lair:2   | Noticed Maggie
 22707 | Lair:2   | Killed Maggie
 22802 | Lair:2   | Noticed an eight-headed hydra
 22808 | Lair:2   | Killed an eight-headed hydra
 23215 | Lair:2   | Reached XP level 14. HP: 62/117 MP: 0/0
 23585 | Lair:2   | Found a staircase to the Shoals.
 24225 | Lair:3   | Noticed ojifijod's ghost (journeyman NaAl)
 24235 | Lair:3   | Noticed a minotaur
 24267 | Lair:3   | Reached skill level 13 in Spellcasting
 24267 | Lair:3   | Reached skill level 13 in Conjurations
 24267 | Lair:3   | Reached skill level 13 in Hexes
 24267 | Lair:3   | Reached skill level 13 in Summonings
 24267 | Lair:3   | Reached skill level 13 in Necromancy
 24267 | Lair:3   | Reached skill level 13 in Translocations
 24267 | Lair:3   | Reached skill level 13 in Fire Magic
 24267 | Lair:3   | Reached skill level 13 in Ice Magic
 24267 | Lair:3   | Reached skill level 13 in Air Magic
 24267 | Lair:3   | Reached skill level 13 in Earth Magic
 24267 | Lair:3   | Reached skill level 13 in Alchemy
 24423 | Lair:3   | Found a staircase to the Snake Pit.
 25316 | Lair:3   | Found a runed translucent gate.
 25317 | Lair:3   | Found a runed translucent gate.
 25318 | Lair:3   | Found a runed translucent gate.
 26010 | Lair:4   | Reached skill level 17 in Fighting
 26570 | Lair:4   | Found a viscous altar of Jiyva.
 26571 | Lair:4   | Found a staircase to the Slime Pits.
 26582 | Lair:4   | Noticed jamsaran's ghost (journeyman DgFE)
 26876 | Lair:4   | Found a transporter.
 27419 | Lair:4   | Found a transporter.
 27803 | Lair:5   | Entered Level 5 of the Lair of Beasts
 28181 | D:3      | Killed yleetSyT's ghost
 29104 | Lair:5   | Reached skill level 14 in Earth Magic
 29373 | Lair:5   | Reached skill level 14 in Spellcasting
 29373 | Lair:5   | Reached skill level 14 in Conjurations
 29373 | Lair:5   | Reached skill level 14 in Hexes
 29373 | Lair:5   | Reached skill level 14 in Summonings
 29373 | Lair:5   | Reached skill level 14 in Necromancy
 29373 | Lair:5   | Reached skill level 14 in Translocations
 29373 | Lair:5   | Reached skill level 14 in Fire Magic
 29373 | Lair:5   | Reached skill level 14 in Ice Magic
 29373 | Lair:5   | Reached skill level 14 in Air Magic
 29373 | Lair:5   | Reached skill level 14 in Alchemy
 29373 | Lair:5   | Reached XP level 15. HP: 44/126 MP: 0/0
 29373 | Lair:5   | Learned a level 6 spell: Eringya's Noxious Bog
 29375 | Lair:5   | Reached skill level 18 in Fighting
 29674 | Lair:5   | Found a runed translucent door.
 29674 | Lair:5   | Noticed Pooter's ghost (journeyman MiBe)
 30806 | Lair:5   | Reached skill level 15 in Earth Magic
 32125 | D:13     | Found Tiby's Magic Scroll Boutique.
 32133 | D:13     | Bought a scroll of identify for 30 gold pieces
 32134 | D:13     | Identified a potion of resistance
 32639 | D:13     | Identified the +8 glaive of Cowardice {spect, Int+3}
 33280 | D:13     | Reached skill level 19 in Fighting
 34328 | D:14     | Reached skill level 16 in Earth Magic
 34598 | D:14     | Identified the +4 chain mail of the New World {Rampage rN+}
 34937 | D:14     | Reached skill level 15 in Spellcasting
 34937 | D:14     | Reached skill level 15 in Conjurations
 34937 | D:14     | Reached skill level 15 in Hexes
 34937 | D:14     | Reached skill level 15 in Summonings
 34937 | D:14     | Reached skill level 15 in Necromancy
 34937 | D:14     | Reached skill level 15 in Translocations
 34937 | D:14     | Reached skill level 15 in Fire Magic
 34937 | D:14     | Reached skill level 15 in Ice Magic
 34937 | D:14     | Reached skill level 15 in Air Magic
 34937 | D:14     | Reached skill level 15 in Alchemy
 35592 | D:14     | Reached XP level 16. HP: 112/135 MP: 0/0
 35856 | D:14     | Found a gate to the Vaults.
 37904 | D:15     | Entered Level 15 of the Dungeon
 38028 | D:15     | Reached skill level 17 in Earth Magic
 38465 | D:15     | Found a staircase to the Depths.
 38611 | D:15     | Noticed Jorgrun
 38612 | D:15     | Reached skill level 20 in Fighting
 39371 | D:15     | Killed Jorgrun
 40111 | Snake:1  | Entered Level 1 of the Snake Pit
 40706 | Snake:1  | Found Ciuhac's Armour Emporium.
 40719 | Snake:1  | Bought a +1 helmet of intelligence for 264 gold pieces
 41279 | Snake:1  | Reached skill level 16 in Spellcasting
 41279 | Snake:1  | Reached skill level 16 in Conjurations
 41279 | Snake:1  | Reached skill level 16 in Hexes
 41279 | Snake:1  | Reached skill level 16 in Summonings
 41279 | Snake:1  | Reached skill level 16 in Necromancy
 41279 | Snake:1  | Reached skill level 16 in Translocations
 41279 | Snake:1  | Reached skill level 16 in Fire Magic
 41279 | Snake:1  | Reached skill level 16 in Ice Magic
 41279 | Snake:1  | Reached skill level 16 in Air Magic
 41279 | Snake:1  | Reached skill level 18 in Earth Magic
 41279 | Snake:1  | Reached skill level 16 in Alchemy
 42376 | Snake:2  | Reached XP level 17. HP: 135/145 MP: 0/0
 42376 | Snake:2  | Learned a level 7 spell: Monstrous Menagerie
 43136 | Snake:2  | You are sucked into a shaft and drop 1 floor!
 43174 | Snake:3  | HP: 7/145 [naga sharpshooter/arrow (14)]
 43738 | Snake:3  | Reached skill level 21 in Fighting
 44660 | Snake:3  | Found Apheag's Magic Scroll Boutique.
 44668 | Snake:3  | Bought a scroll of teleportation for 54 gold pieces
 44668 | Snake:3  | Bought a scroll of teleportation for 54 gold pieces
 44668 | Snake:3  | Bought a scroll of teleportation for 54 gold pieces
 44668 | Snake:3  | Bought a scroll of identify for 36 gold pieces
 44668 | Snake:3  | Bought a scroll of blinking for 135 gold pieces
 44793 | Snake:3  | Reached skill level 19 in Earth Magic
 46942 | Snake:4  | Entered Level 4 of the Snake Pit
 47275 | Snake:4  | Reached skill level 17 in Spellcasting
 47275 | Snake:4  | Reached skill level 17 in Conjurations
 47275 | Snake:4  | Reached skill level 17 in Hexes
 47275 | Snake:4  | Reached skill level 17 in Summonings
 47275 | Snake:4  | Reached skill level 17 in Necromancy
 47275 | Snake:4  | Reached skill level 17 in Translocations
 47275 | Snake:4  | Reached skill level 17 in Fire Magic
 47275 | Snake:4  | Reached skill level 17 in Ice Magic
 47275 | Snake:4  | Reached skill level 17 in Air Magic
 47275 | Snake:4  | Reached skill level 17 in Alchemy
 47850 | Snake:4  | Reached XP level 18. HP: 139/155 MP: 0/0
 48099 | Snake:4  | Reached skill level 22 in Fighting
 48106 | Snake:4  | Reached skill level 20 in Earth Magic
 51520 | Snake:4  | Reached skill level 21 in Earth Magic
 51830 | Snake:4  | Got a serpentine rune of Zot
 52231 | Shoals:1 | Entered Level 1 of the Shoals
 52646 | Shoals:1 | Reached skill level 23 in Fighting
 52751 | Shoals:1 | Reached skill level 18 in Spellcasting
 52751 | Shoals:1 | Reached skill level 18 in Conjurations
 52751 | Shoals:1 | Reached skill level 18 in Hexes
 52751 | Shoals:1 | Reached skill level 18 in Summonings
 52751 | Shoals:1 | Reached skill level 18 in Necromancy
 52751 | Shoals:1 | Reached skill level 18 in Translocations
 52751 | Shoals:1 | Reached skill level 18 in Fire Magic
 52751 | Shoals:1 | Reached skill level 18 in Ice Magic
 52751 | Shoals:1 | Reached skill level 18 in Air Magic
 52751 | Shoals:1 | Reached skill level 18 in Alchemy
 52755 | Shoals:1 | Reached XP level 19. HP: 122/164 MP: 0/0
 52755 | Shoals:1 | Learned a level 7 spell: Ozocubu's Refrigeration
 53228 | Shoals:1 | Found Soekul's Distillery.
 53311 | Shoals:1 | Bought a potion of heal wounds for 70 gold pieces
 53806 | Shoals:2 | Noticed Ilsuiw
 53814 | Shoals:2 | Killed Ilsuiw
 54219 | Shoals:2 | You are sucked into a shaft and drop 1 floor!
 55355 | Shoals:2 | Reached skill level 22 in Earth Magic
 55783 | Shoals:3 | Noticed Nikola
 55976 | Shoals:3 | Killed Nikola
 56977 | Shoals:3 | Found Dolapro's Desiderata Depot.
 57454 | Shoals:4 | Entered Level 4 of the Shoals
 57733 | Shoals:4 | Found Quhefuh's Armour Shoppe.
 57938 | Shoals:4 | Reached skill level 24 in Fighting
 58395 | Shoals:4 | Reached XP level 20. HP: 106/173 MP: 0/0
 58937 | Shoals:4 | Got a barnacled rune of Zot
 59076 | Shoals:4 | Reached skill level 19 in Spellcasting
 59076 | Shoals:4 | Reached skill level 19 in Conjurations
 59076 | Shoals:4 | Reached skill level 19 in Hexes
 59076 | Shoals:4 | Reached skill level 19 in Summonings
 59076 | Shoals:4 | Reached skill level 19 in Necromancy
 59076 | Shoals:4 | Reached skill level 19 in Translocations
 59076 | Shoals:4 | Reached skill level 19 in Fire Magic
 59076 | Shoals:4 | Reached skill level 19 in Ice Magic
 59076 | Shoals:4 | Reached skill level 19 in Air Magic
 59076 | Shoals:4 | Reached skill level 19 in Alchemy
 59167 | Shoals:4 | Reached skill level 1 in Shields
 59487 | Shoals:4 | Reached skill level 3 in Dodging
 59712 | Shoals:4 | Reached skill level 2 in Shields
 60378 | Vaults:1 | Entered Level 1 of the Vaults
 60447 | Vaults:1 | Reached skill level 23 in Earth Magic
 60448 | Vaults:1 | Reached skill level 4 in Dodging
 60952 | Vaults:1 | Reached skill level 3 in Shields
 61967 | Vaults:1 | Reached skill level 5 in Dodging
 61967 | Vaults:1 | Noticed Saint Roka
 61973 | Vaults:1 | Reached skill level 4 in Shields
 61976 | Vaults:1 | Killed Saint Roka
 62997 | Vaults:1 | Reached skill level 6 in Dodging
 63001 | Vaults:1 | Reached skill level 5 in Shields
 64061 | Vaults:1 | Reached skill level 7 in Dodging
 64100 | Vaults:1 | Reached skill level 6 in Shields
 64251 | Vaults:1 | Reached XP level 21. HP: 153/179 MP: 0/0
 64251 | Vaults:1 | Learned a level 7 spell: Spellforged Servitor
 64666 | Vaults:1 | Found Hehugusei's General Store.
 64743 | Vaults:2 | Identified the +4 morningstar of Infinite Pain {freeze,
                  | rCorr}
 65170 | Vaults:2 | Found Yleig's General Store.
 65686 | Vaults:2 | Noticed Asterion
 65690 | Vaults:2 | Killed Asterion
 65827 | Vaults:2 | Identified the +0 falchion "Foebitol" {venom, Fly rElec}
 65868 | Vaults:2 | Reached skill level 8 in Dodging
 66201 | Vaults:2 | Reached skill level 7 in Shields
 66587 | Vaults:2 | Identified the +2 robe of the Journeyman {+Blink rElec rF+
                  | rC-}
 67013 | Vaults:3 | Found a flickering gateway to a bazaar.
 67083 | Bazaar   | Entered a bazaar
 67154 | Bazaar   | Found Umae's Armour Boutique.
 67154 | Bazaar   | Found Mooff's Jewellery Boutique.
 67180 | Bazaar   | Found Adukyxara's Book Shop.
 67229 | Bazaar   | Found Zannyi's Jewellery Boutique.
 67584 | Vaults:3 | Found a staircase to the Crypt.
 67594 | Vaults:3 | Reached skill level 24 in Earth Magic
 67951 | Vaults:3 | You are sucked into a shaft and drop 1 floor!
 68114 | Vaults:4 | Reached skill level 9 in Dodging
 68283 | Vaults:4 | Reached skill level 8 in Shields
 68814 | Vaults:3 | Noticed Donald
 68817 | Vaults:3 | Killed Donald
 69312 | Vaults:3 | Identified the +1 helmet "Bourphits" {^Drain Str+4}
 69938 | Vaults:4 | Reached skill level 20 in Spellcasting
 69938 | Vaults:4 | Reached skill level 20 in Conjurations
 69938 | Vaults:4 | Reached skill level 20 in Hexes
 69938 | Vaults:4 | Reached skill level 20 in Summonings
 69938 | Vaults:4 | Reached skill level 20 in Necromancy
 69938 | Vaults:4 | Reached skill level 20 in Translocations
 69938 | Vaults:4 | Reached skill level 20 in Fire Magic
 69938 | Vaults:4 | Reached skill level 20 in Ice Magic
 69938 | Vaults:4 | Reached skill level 20 in Air Magic
 69938 | Vaults:4 | Reached skill level 20 in Alchemy
 69940 | Vaults:4 | Reached skill level 10 in Dodging
 70460 | Vaults:4 | Reached skill level 9 in Shields
 71801 | Orc:1    | Entered Level 1 of the Orcish Mines
 72025 | Orc:1    | Found Onluny's Vocational Training.
 72092 | Orc:1    | Reached XP level 22. HP: 173/186 MP: 0/0
 72361 | Orc:2    | Entered Level 2 of the Orcish Mines
 73114 | Orc:2    | Found Gonuetz's Assorted Antiques.
 73161 | Orc:2    | Paralysed by an orc sorcerer for 2 turns
 73217 | Orc:2    | Found Gaoqeisy's Assorted Antiques.
 73219 | Orc:2    | Found Quluweyc's Antique Armour Shoppe.
 73229 | Orc:2    | Bought a glowing helmet for 262 gold pieces
 73235 | Orc:2    | Bought a glowing purple potion for 18 gold pieces
 73781 | Orc:2    | Reached skill level 11 in Dodging
 73886 | Orc:2    | Found a staircase to the Elven Halls.
 74201 | Orc:2    | Found Ugiag's Weapon Shoppe.
 74403 | Elf:1    | Entered Level 1 of the Elven Halls
 74412 | Elf:1    | Reached skill level 10 in Shields
 74464 | Elf:1    | Found a crumbling gateway.
 74527 | Elf:1    | HP: 3/186 [deep elf knight/shard of ice (21)]
 74529 | Elf:1    | Slain by a deep elf knight

Vanquished Creatures
  Saint Roka (Vaults:1)
  Nikola (Shoals:3)
  Jorgrun (D:15)
  Asterion (Vaults:2)
  2 liches
  A sphinx (Vaults:2)
  Gastronok (D:9)
  A tengu reaver (Vaults:2)
  2 nagarajas
  Donald (Vaults:3)
  A fire giant (Vaults:4)
  7 vault wardens
  2 deep elf sorcerers (Elf:1)
  Ilsuiw (Shoals:2)
  An orc warlord (Orc:2)
  3 formless jellyfish
  5 ironbound preservers
  10 ironbound thunderhulks
  Nessos (D:12)
  10 dire elephants
  2 minotaurs (D:14)
  7 merfolk javelineers
  Snorg (D:12)
  An ettin (Orc:1)
  A jiangshi (Vaults:3)
  An entropy weaver (Vaults:1)
  13 merfolk impalers
  A ragged hierophant (Elf:1)
  3 yaktaur captains
  4 hydras
  5 great orbs of eyes
  4 vault guards
  A sphinx zombie (D:15)
  A peacekeeper (Vaults:3)
  2 merfolk avatars (Shoals:4)
  2 catoblepae
  10 ironbound frosthearts
  2 two-headed ogres
  21 anacondas
  20 centaur warriors
  A death knight (D:15)
  16 naga warriors
  3 merfolk aquamancers (Shoals:1)
  3 satyrs
  An ogre mage (D:12)
  6 boulder beetles
  3 orc high priests
  A dancing weapon (Elf:1)
  12 death yaks
  A deep troll shaman (Lair:5)
  3 vampire magi
  8 shock serpents
  5 deep elf knights (Elf:1)
  Sonja (D:12)
  7 naga sharpshooters
  4 skysharks
  2 salamander mystics
  10 skeletal warriors
  Lodul (D:12)
  A glowing orange brain (Vaults:4)
  6 deep trolls
  18 mana vipers
  4 deep elf archers
  6 naga ritualists
  12 sea snakes
  A kraken simulacrum (Shoals:4)
  27 harpies
  8 arcanists
  8 lindwurms
  15 ironbound convokers
  15 orc knights
  10 deep elf zephyrmancers
  13 deep elf pyromancers
  3 necromancers
  11 orc sorcerers
  5 salamanders
  21 ugly things
  2 wolf spiders (D:12)
  4 oklob plants
  16 fauns
  19 elephants
  14 manticores
  14 merfolk sirens
  4 cyclopes
  14 guardian serpents
  16 naga magi
  6 water nymphs
  47 black mambas
  8 vault sentinels
  8 cane toads
  Maggie (Lair:2)
  2 torpor snails
  2 centaur skeletons (D:14)
  An unseen horror (D:11)
  9 komodo dragons
  34 yaktaurs
  A kobold demonologist (D:12)
  3 freezing wraiths (D:15)
  2 efreet
  2 rime drakes
  4 tengu conjurers (Vaults:2)
  A troll (shapeshifter) (D:14)
  Psyche (D:12)
  4 trolls
  29 merfolk
  Grinder (D:5)
  10 saltlings
  A hornet (D:12)
  6 wind drakes
  A harpy skeleton (D:14)
  3 polar bears
  8 snapping turtles
  A spriggan zombie (D:15)
  7 blink frogs
  16 dream sheep
  A fire giant simulacrum (Vaults:4)
  2 shadows
  A vampire (D:12)
  A centaur simulacrum (D:14)
  5 wraiths
  10 water elementals
  33 yaks
  4 wyverns
  10 slime creatures
  2 steam dragons
  A fire elemental (Elf:1)
  A golden eye (Lair:3)
  Eustachio (D:6)
  A basilisk (Lair:2)
  A yaktaur simulacrum (Vaults:4)
  3 redbacks (Vaults:1)
  22 vampire mosquitoes
  3 wargs
  Edmund (D:5)
  28 nagas
  2 acid dragons
  A glowing shapeshifter zombie (Vaults:4)
  13 water moccasins
  22 orc warriors
  4 black bears
  4 ice beasts
  2 sky beasts
  4 laughing skulls
  11 ogres
  The ghost of yleetSyT the Shooter, an amateur DgHu (D:3)
  23 wolves
  A centaur (shapeshifter) (Elf:1)
  9 centaurs
  6 kobold brigands
  A gnoll sergeant (D:13)
  13 bullfrogs
  6 scorpions
  8 wights
  17 killer bees
  10 howler monkeys
  3 electric eels (D:14)
  A bombardier beetle (D:5)
  4 hounds
  6 jellies
  A gnoll bouda (D:9)
  21 orc priests
  2 iguanas
  A sleepcap (D:5)
  Ijyb (D:5)
  20 orc wizards
  4 hell rats (Lair:4)
  A boggart skeleton (D:14)
  27 gnolls
  11 river rats
  13 adders
  2 shadow imps
  2 white imps
  5 ribbon worms
  71 orcs
  3 bats
  13 endoplasms
  5 giant cockroaches
  11 goblins
  8 hobgoblins
  5 jackals
  A quokka (D:2)
  7 ball pythons
  4 frilled lizards
  26 kobolds
  17 rats
1334 creatures vanquished.

Vanquished Creatures (collateral kills)
  2 nagarajas (Snake:4)
  An ironbound preserver (Vaults:1)
  A dire elephant (Vaults:1)
  2 crystal guardians
  A ragged hierophant (Elf:1)
  2 salamander tyrants
  An anaconda (Snake:4)
  3 naga sharpshooters
  6 salamander mystics
  3 mana vipers
  A lindwurm (Snake:4)
  A manticore (Shoals:4)
  A cyclops (Shoals:1)
  13 salamanders
  A black mamba (Snake:3)
  A guardian serpent (Snake:4)
  3 nameless horrors
  A yaktaur (Vaults:1)
  2 nagas
  A ball python (D:2)
  A goblin (D:2)
  A quokka (D:3)
  A bat (D:3)
50 creatures vanquished.

Vanquished Creatures (others)
  A merfolk aquamancer (Shoals:1)
  A deep elf zephyrmancer (Elf:1)
  3 tentacles (Shoals:4)
5 creatures vanquished.

Grand Total: 1389 creatures vanquished

Table legend: (Time is in decaauts)
 A = Elapsed time spent in this place.
 B = Non-inter-level travel time spent in this place.
 C = Inter-level travel time spent in this place.
 D = Time resting spent in this place.
 E = Time spent auto-exploring this place.
 F = Levels seen in this place.
 G = Mean time per level.
                   A        B        C        D        E       F      G
               +--------+--------+--------+--------+--------+-----+--------+
         Total |  74919 |  71726 |   3193 |  15581 |  47919 |  38 | 1971.6 |
       Dungeon |  29975 |  28472 |   1503 |   9351 |  15693 |  15 | 1998.3 |
        Temple |    110 |    110 |      0 |    106 |      0 |   1 |  110.0 |
          Lair |  10921 |  10279 |    642 |   1593 |   7681 |   5 | 2184.2 |
        Shoals |   7990 |   7843 |    147 |    810 |   6375 |   4 | 1997.5 |
     Snake Pit |  12061 |  11610 |    451 |   2688 |   7452 |   4 | 3015.2 |
  Orcish Mines |   2601 |   2402 |    199 |      0 |   2175 |   2 | 1300.5 |
   Elven Halls |    125 |    125 |      0 |     12 |      0 |   1 |  125.0 |
        Vaults |   9966 |   9716 |    250 |   1021 |   7609 |   4 | 2491.5 |
        Bazaar |    231 |    231 |      0 |      0 |    163 |   1 |  231.0 |
         Sewer |    936 |    936 |      0 |      0 |    771 |   1 |  936.0 |
               +--------+--------+--------+--------+--------+-----+--------+

Top non-repeatable levels by time:
    D:14: 5087 daAuts
 Snake:4: 4665 daAuts
    D:11: 4268 daAuts
Vaults:1: 3367 daAuts
  Lair:4: 3058 daAuts
 Snake:3: 2995 daAuts
    D:13: 2903 daAuts
Shoals:4: 2696 daAuts
 Snake:1: 2320 daAuts
Vaults:4: 2230 daAuts
Vaults:3: 2210 daAuts
  Lair:1: 2161 daAuts
Vaults:2: 2157 daAuts
  Lair:3: 2137 daAuts
 Snake:2: 2080 daAuts

Table legend:
 A = Non-vault XP
 B = Vault XP
 C = Vault XP percentage of total XP
 D = Non-vault monster count
 E = Vault monster count
 F = Vault count percentage of total count
                 A         B        C        D         E       F
            +---------+---------+-------+---------+---------+-------
      Total |  321682 |  223696 |  41.0 |     873 |     510 |  36.9
            +---------+---------+-------+---------+---------+-------
        D:1 |      21 |       0 |   0.0 |      14 |       0 |   0.0
        D:2 |      37 |      48 |  56.5 |      15 |       8 |  34.8
        D:3 |     137 |     231 |  62.8 |      20 |      11 |  35.5
        D:4 |     519 |       0 |   0.0 |      34 |       0 |   0.0
        D:5 |     729 |     710 |  49.3 |      19 |       7 |  26.9
        D:6 |    1095 |     199 |  15.4 |      21 |       7 |  25.0
        D:7 |     684 |       0 |   0.0 |       9 |       0 |   0.0
        D:8 |     714 |    1702 |  70.4 |      15 |      21 |  58.3
        D:9 |    1259 |    1798 |  58.8 |      18 |       6 |  25.0
       D:10 |    2250 |     418 |  15.7 |      25 |       8 |  24.2
       D:11 |    1882 |       0 |   0.0 |       9 |       0 |   0.0
       D:12 |    5035 |   12184 |  70.8 |      19 |      25 |  56.8
       D:13 |    9944 |       0 |   0.0 |      30 |       0 |   0.0
       D:14 |    7009 |   19665 |  73.7 |      24 |      54 |  69.2
       D:15 |    6041 |    6742 |  52.7 |      12 |       8 |  40.0
     Lair:1 |    7765 |     845 |   9.8 |      34 |       1 |   2.9
     Lair:2 |    5922 |     930 |  13.6 |      17 |       2 |  10.5
     Lair:3 |    4267 |    2385 |  35.9 |      21 |       5 |  19.2
     Lair:4 |    8052 |     665 |   7.6 |      23 |      20 |  46.5
     Lair:5 |   14644 |   10215 |  41.1 |      35 |      22 |  38.6
   Shoals:1 |   12699 |    3158 |  19.9 |      27 |       4 |  12.9
   Shoals:2 |   17295 |    3041 |  15.0 |      33 |       4 |  10.8
   Shoals:3 |   18390 |    2375 |  11.4 |      36 |       1 |   2.7
   Shoals:4 |   22108 |   19022 |  46.2 |      41 |      31 |  43.1
    Snake:1 |   10930 |    5194 |  32.2 |      23 |       9 |  28.1
    Snake:2 |   23146 |       0 |   0.0 |      39 |       0 |   0.0
    Snake:3 |   18262 |    4649 |  20.3 |      30 |       8 |  21.1
    Snake:4 |   19307 |   44096 |  69.5 |      39 |      69 |  63.9
      Orc:1 |    1879 |       0 |   0.0 |      19 |       0 |   0.0
      Orc:2 |    3675 |   18343 |  83.3 |      39 |      58 |  59.8
      Elf:1 |   13717 |    8601 |  38.5 |      23 |      13 |  36.1
   Vaults:1 |   24647 |   29885 |  54.8 |      36 |      43 |  54.4
   Vaults:2 |   14364 |    8944 |  38.4 |      17 |      10 |  37.0
   Vaults:3 |   26136 |    3985 |  13.2 |      32 |       5 |  13.5
   Vaults:4 |   17121 |   13151 |  43.4 |      25 |      22 |  46.8
      Sewer |       0 |     515 | 100.0 |       0 |      28 | 100.0
            +---------+---------+-------+---------+---------+-------
